 Dungeon Crawl Stone Soup version 0.22.1-1-ga44c0e5 (webtiles) character file.

175 Folque the Vandal (level 5, -8/36 HPs)
             Began as a Halfling Hunter on Sept 26, 2018.
             Mangled by an orc warrior
             ... wielding a +0 flail
              (14 damage)
             ... on level 3 of the Dungeon.
             The game lasted 00:08:04 (2357 turns).

Folque the Vandal (Halfling Hunter)                 Turns: 2357, Time: 00:08:05

Health: -8/36      AC:  3    Str: 13    XL:     5   Next: 85%
Magic:  5/5        EV: 15    Int:  9    God:
Gold:   160        SH:  0    Dex: 16    Spells: 4/4 levels left

rFire    . . .     SeeInvis .   w - +1 hunting sling
rCold    . . .     Gourm    .   (shield restricted)
rNeg     . . .     Faith    .   c - +0 leather armour
rPois    .         Spirit   .   (no helmet)
rElec    .         Reflect  .   (no cloak)
rCorr    .         Harm     .   (no gloves)
MR       .....                  (no boots)
Stlth    ++........             (no amulet)
HPRegen  0.12/turn              (no ring)
MPRegen  0.09/turn              (no ring)

@: invisible
A: small, mutation resistance 1
a: no special abilities


You were on level 3 of the Dungeon.
You were not hungry.

You visited 1 branch of the dungeon, and saw 4 of its levels.

You collected 160 gold pieces.

Inventory:

Hand Weapons
 e - a +0 rapier
 h - a +1 hunting sling of flaming
 j - a +0 short sword
 p - a +2 dagger of pain
 w - a +1 hunting sling (weapon)
Missiles
 a - 141 stones
 q - 4 sling bullets (quivered)
Armour
 c - a +0 leather armour (worn)
Wands
 r - a wand of scattershot (7)
Scrolls
 g - 4 scrolls of remove curse {unknown}
 i - a scroll of enchant weapon {unknown}
 m - a scroll of teleportation {unknown}
 o - a scroll of fog {unknown}
Potions
 d - a potion of degeneration
 k - a potion of invisibility
 l - a potion of heal wounds {unknown}
 n - a potion of brilliance {unknown}
Comestibles
 f - 5 rations


   Skills:
 - Level 3.1 Fighting
 * Level 7.7 Slings
 + Level 1.8 Armour
 + Level 2.7 Dodging
 - Level 1.1 Stealth


You had 4 spell levels left.
You didn't know any spells.
Your spell library was empty.

Dungeon Overview and Level Annotations

Branches:
Dungeon (4/15)
 Temple: D:4-7

Altars:
Gozag


Innate Abilities, Weirdness & Mutations

You are small and have problems with some larger weapons.
You are somewhat resistant to further mutation.


Message History

The orc warrior closely misses you.
Firing (i - inventory. (/) - cycle)
q - 5 sling bullets (quivered)
Press: ? - help, Shift-Dir - straight line, f/p - orc
Aim: an orc, wielding an enchanted short sword and wearing a leather armour You shoot a sling bullet.
The sling bullet hits the orc warrior.
The orc warrior is severely wounded.
The orc warrior hits you with a flail!!
Ouch! That really hurt!
* * * LOW HITPOINT WARNING * * *
There is a stone staircase leading up here.
The orc warrior closely misses you.
You climb upwards.
There is a stone staircase leading down here.
You see here 19 bolts.
The orc warrior cheers repeatedly, in orcish tradition.
All of the chunks of flesh in your inventory have rotted away.
Okay, then.
You fade into invisibility!
The orc warrior hits you with a flail!
You die...

####........♣......# #####....
###.............# #......##
######.###...).###.# ##.##..##
#.....##.'#...#'.######..##.##
#.....#...#...#...#.........#
#.....#<.##...##.<#...#####.#
#.....#####....####..#####..##
####### ####.###...........###
##########.@##.#####...#>...
#........##o#..# #...#####
#.....(..#....#### #...#
#................# #...#
#....'########'.####...#
#....#........#........#
#....#.+####'.#..#######
#....#.#....#.#..#
#....#.#.##.#.#..#


You could see an orc warrior.

Vanquished Creatures
  An orc priest (D:4)
  3 gnolls (D:4)
  5 adders
  An ooze (D:3)
  A worm (D:2)
  A dart slug (D:3)
  A giant cockroach (D:4)
  7 goblins (D:2)
  10 hobgoblins
  8 jackals
  8 kobolds
  4 bats
  3 frilled lizards
  10 rats
63 creatures vanquished.

Vanquished Creatures (others)
  4 toadstools (D:1)
4 creatures vanquished.

Grand Total: 67 creatures vanquished

Notes
Turn   | Place    | Note
-------+----------+-------------------------------------------
     0 | D:1      | Folque the Halfling Hunter began the quest for the Orb.
     0 | D:1      | Reached XP level 1. HP: 14/14 MP: 1/1
   250 | D:1      | Reached skill level 6 in Slings
   260 | D:1      | Reached XP level 2. HP: 17/19 MP: 2/2
   711 | D:2      | Reached XP level 3. HP: 24/25 MP: 3/3
   965 | D:2      | Reached XP level 4. HP: 26/31 MP: 4/4
  1131 | D:2      | Found an opulent altar of Gozag.
  1492 | D:3      | Reached skill level 7 in Slings
  1492 | D:3      | Reached skill level 1 in Armour
  1622 | D:3      | Reached XP level 5. HP: 28/36 MP: 5/5
  2286 | D:4      | Noticed an orc warrior
  2319 | D:4      | HP: 1/36 [orc warrior/flail (22)]
  2357 | D:3      | Mangled by an orc warrior

Skill      XL: |  1  2  3  4 |
---------------+-------------+-----
Fighting       | 2 3 |  3.1
Slings         | 6 7 |  7.7
Armour         | 1 |  1.8
Dodging        | |  2.7
Stealth        | |  1.1

Action                   |  1- 3 |  4- 6 || total
-------------------------+-------+-------++-------
Melee: Short sword       |    84 |       ||    84
       Rapier            |    21 |    66 ||    87
 Fire: Hunting sling     |    11 |    46 ||    57
  Use: Scroll            |       |     2 ||     2
       Potion            |       |     1 ||     1
 Stab: Sleeping          |     2 |     3 ||     5
  Eat: Chunk             |       |     5 ||     5
Armor: Leather armour    |    24 |    10 ||    34
Dodge: Dodged            |    86 |    73 ||   159
